 Dungeon Crawl Stone Soup version 0.14-a0-3445-g2afddda (webtiles) character file.

629 Herrn the Skirmisher (level 6, -1/58 HPs)
             Began as a Minotaur Fighter on Mar 22, 2014.
             Was an Initiate of Okawaru.
             Slain by Menkaure (12 damage)
             ... on Level 5 of the Dungeon on Mar 23, 2014.
             The game lasted 00:10:00 (4272 turns).

Herrn the Skirmisher (Minotaur Fighter)             Turns: 4272, Time: 00:10:00

HP  -1/58        AC 10     Str 20      XL: 6   Next: 75%
MP   3/3         EV  5     Int  5      God: Okawaru [......]
Gold 177         SH 20     Dex 12      Spells:  0 memorised,  5 levels left

rFire  . . .     SeeInvis .     a - +0 long sword
rCold  . . .     Clarity  .     y - +0 chain mail
rNeg   . . .     Conserve .     i - +0 shield
rPois  .         rCorr    .     (helmet restricted)
rElec  .         rRot     .     (no cloak)
SustAb . .       Spirit   .     l - +0 pair of gloves
rMut   .         Warding  .     (no boots)
Saprov . . .     Stasis   .     (no amulet)
MR     .....                    (no ring)
                                (no ring)

@: very slightly contaminated, hasted, very quick, not resistant to hostile
enchantments, extremely unstealthy
A: retaliatory headbutt, horns 2
a: Renounce Religion


You were on level 5 of the Dungeon.
You worshipped Okawaru.
Okawaru was noncommittal.
You were hungry.

You visited 2 branches of the dungeon, and saw 6 of its levels.

You collected 177 gold pieces.

Inventory:

Hand weapons
 a - a +0,+0 long sword (weapon)
Armour
 i - a +0 shield (worn)
 l - a +0 pair of gloves (worn)
 y - a +0 chain mail (worn)
Magical devices
 x - a wand of lightning (10) {unknown}
Comestibles
 d - 8 bread rations
 g - a honeycomb
 p - 2 meat rations
 q - 2 chokos
 r - a snozzcumber
 u - 14 grapes
 B - a pear
Scrolls
 c - a scroll of remove curse {unknown}
 f - 6 scrolls of identify {unknown}
 h - 2 scrolls of enchant weapon I {unknown}
 j - 4 scrolls of recharging {unknown}
 k - 2 scrolls of random uselessness {unknown}
 n - 3 scrolls of enchant weapon II {unknown}
 o - 4 scrolls of teleportation {unknown}
 t - 3 scrolls of enchant armour {unknown}
 v - 2 scrolls of amnesia {unknown}
Jewellery
 e - an uncursed ring of teleport control {unknown}
Potions
 m - a potion of heal wounds {unknown}
 s - a potion of paralysis {unknown}
 w - 2 potions of agility {unknown}
 z - a potion of flight {unknown}


   Skills:
 * Level 6.5 Fighting
 + Level 4.4 Long Blades
 + Level 4.3 Armour
 + Level 2.9 Dodging
 + Level 4.7 Shields


You had 5 spell levels left.
You didn't know any spells.

Dungeon Overview and Level Annotations

Branches:
Dungeon (5/15)             Temple (1/1) D:4

Altars:
Fedhas
Kikubaaqudgha
Makhleb
Nemelex Xobeh
Okawaru
Sif Muna
Trog
Vehumet
Xom
Yredelemnul
The Shining One

Annotations:
D:5 Menkaure


Innate Abilities, Weirdness & Mutations

You reflexively headbutt those who attack you in melee.
You have a pair of horns on your head.


Message History

Menkaure gestures at you while chanting.
Pain shoots through your body!
You feel yourself speed up.
It was a potion of haste.
You are very lightly contaminated with residual magic.
Menkaure hits you!
* * * LOW HITPOINT WARNING * * *
You hit Menkaure but do no damage. You block Menkaure's attack.
You hit Menkaure.
You headbutt Menkaure, but do no damage.
Menkaure is moderately damaged.
You block Menkaure's attack.
You barely miss Menkaure. You headbutt Menkaure!
Menkaure is heavily damaged.
Menkaure gestures at you while chanting.
Pain shoots through your body!
* * * LOW HITPOINT WARNING * * *
You slash Menkaure!
Menkaure is almost destroyed.
Menkaure hits you!
You die...

#####
###############...###
#....................
###############...##.
#......
..#################......
.......M@................
..####...#########....##.
#...# #....##. #####
###..#.. #######..#.. .
............ #..
............ #.#
#######..##. #.####
#...##.


You could see Menkaure.

Vanquished Creatures
  A centaur (D:5)
  A scorpion (D:4)
  A hound (D:4)
  An orc priest (D:3)
  An iguana (D:4)
  An orc wizard (D:3)
  An ogre skeleton (D:5)
  Terence (D:2)
  3 gnolls (D:3)
  5 adders
  4 worms
  A giant gecko (D:3)
  An ooze (D:2)
  5 orcs
  8 bats
  A bat skeleton (D:4)
  4 giant cockroaches
  7 hobgoblins
  3 quokkas
  A ball python (D:1)
  4 giant newts
  9 goblins
  9 jackals
  9 kobolds
  An orc skeleton (D:4)
  8 rats
91 creatures vanquished.

Notes
Turn   | Place    | Note
--------------------------------------------------------------
     0 | D:1      | Herrn, the Minotaur Fighter, began the quest for the Orb.
     0 | D:1      | Reached XP level 1. HP: 19/19 MP: 1/1
   189 | D:1      | Reached skill level 4 in Fighting
   331 | D:1      | Reached XP level 2. HP: 27/27 MP: 1/1
   543 | D:2      | Upgraded the game from 0.14-a0-3424-g5348755 to 0.14-a0-3445-g2afddda
   714 | D:2      | Noticed Terence
   725 | D:2      | Killed Terence
   725 | D:2      | Reached XP level 3. HP: 35/35 MP: 2/2
   726 | D:2      | Reached skill level 5 in Fighting
  1386 | D:3      | Reached XP level 4. HP: 23/42 MP: 2/2
  2095 | D:3      | Reached skill level 1 in Dodging
  2095 | D:3      | Reached XP level 5. HP: 26/50 MP: 2/2
  2952 | D:4      | Reached skill level 6 in Fighting
  2990 | D:4      | HP: 2/50 [iguana (9)]
  3402 | D:4      | Reached XP level 6. HP: 55/57 MP: 3/3
  3527 | D:4      | Found a blossoming altar of Fedhas.
  3548 | D:4      | Found a staircase to the Ecumenical Temple.
  3566 | Temple   | Entered the Ecumenical Temple
  3586 | Temple   | Became a worshipper of Warmaster Okawaru
  4058 | D:5      | Entered Level 5 of the Dungeon
  4262 | D:5      | Noticed Menkaure
  4272 | D:5      | Slain by Menkaure

Action                   |  1- 3 |  4- 6 || total
-------------------------+-------+-------++-------
Melee: Long sword        |    84 |   172 ||   256
  Use: Potion            |       |     3 ||     3
